Map: New Gettysburg LE

Players

ZakaruM - Winner!

  • Race: Protoss Protoss
  • League: Platinum

Nickos

  • Race: Terran Terran
  • League: Gold

VOD

Have the link to the VOD?

Description

Time

  • Played on: Sept. 30, 2016, 8:28 p.m.
  • Length: 15:10
Show
View Real Time Build Order
Export as new Build Order

ZakaruM Protoss - Winner!

Build Orders:  

Get SALT Encoding   

  12  0:01  Probe (Chrono Boost)  
  13  0:12  Probe (Chrono Boost)  
  14  0:19  Pylon  
  14  0:22  Probe (Chrono Boost)  
  15  0:37  Probe (Chrono Boost)  
  15  0:38  Gateway  
  16  0:46  Assimilator  
  16  0:48  Probe (Chrono Boost)  
  17  0:58  Probe (Chrono Boost)  
  18  1:06  Gateway  
  18  1:10  Probe (Chrono Boost)  
  19  1:22  Probe (Chrono Boost)  
  20  1:26  Cybernetics Core  
  20  1:29  Pylon  
  20  1:35  Probe (Chrono Boost)  
  21  1:46  Probe (Chrono Boost)  
  22  2:03  Probe (Chrono Boost)  
  22  2:04  Adept x2  
  22  2:06  Warp Gate  
  27  2:13  Probe (Chrono Boost)  
  28  2:24  Probe (Chrono Boost)  
  29  2:32  Adept  
  31  2:38  Pylon  
  31  2:47  Nexus  
  31  2:55  Assimilator  
  31  2:56  Adept  
  31  2:57  Probe (Chrono Boost)  
  34  2:59  Adept  
  36  3:07  Probe (Chrono Boost)  
  37  3:25  Probe (Chrono Boost)  
  38  3:35  Probe (Chrono Boost)  
  38  3:39  Pylon  
  39  3:57  Probe (Chrono Boost), Adept x2  
  44  4:07  Probe (Chrono Boost)  
  44  4:08  Probe (Chrono Boost)  
  46  4:14  Twilight Council  
  46  4:16  Gateway  
  46  4:20  Robotics Facility  
  46  4:22  Assimilator  
  46  4:23  Gateway x2  
  44  4:41  Probe (Chrono Boost)  
  39  5:10  Probe x2 (Chrono Boost)  
  39  5:13  Immortal  
  43  5:21  Probe (Chrono Boost)  
  44  5:22  Blink  
  44  5:31  Probe (Chrono Boost)  
  41  5:38  Stalker x3  
  41  5:40  Templar Archives  
  47  5:48  Probe x2 (Chrono Boost), Assimilator  
  49  5:51  Pylon, Immortal  
  53  6:12  Stalker x3  
  59  6:22  Zealot x2  
  59  6:24  Mothership Core (Chrono Boost)  
  59  6:25  Probe (Chrono Boost)  
  66  6:35  Nexus  
  66  6:36  Psionic Storm  
  66  6:37  Probe (Chrono Boost), Pylon  
  67  6:43  Zealot  
  67  6:44  Probe (Chrono Boost)  
  70  6:56  Probe x2 (Chrono Boost), Zealot  
  70  6:57  Zealot x2  
  78  7:04  Pylon  
  78  7:07  Pylon  
  78  7:09  Pylon  
  80  7:23  High Templar  
  80  7:24  Probe x2 (Chrono Boost), High Templar x2  
  86  7:31  Zealot  
  86  7:33  Zealot  
  86  7:36  Probe x2 (Chrono Boost)  
  92  7:39  Charge  
  92  7:40  Pylon  
  92  7:48  Probe (Chrono Boost)  
  92  7:50  Probe (Chrono Boost)  
  95  7:51  Probe (Chrono Boost)  
  95  7:56  High Templar  
  95  7:58  Zealot x3  
  99  7:59  Zealot  
  99  8:03  Probe x2 (Chrono Boost)  
  107  8:06  Immortal  
  111  8:17  Assimilator  
  111  8:21  Assimilator  
  111  8:28  Stalker  
  111  8:29  Robotics Bay, Stalker  
  115  8:47  Probe (Chrono Boost), Zealot x3  
  122  8:49  Probe (Chrono Boost)  
  122  8:51  Probe (Chrono Boost)  
  124  8:57  Pylon  
  122  9:10  Immortal  
  122  9:15  Probe (Chrono Boost)  
  122  9:16  Probe x2 (Chrono Boost)  
  129  9:17  Zealot x2  
  133  9:25  Pylon  
  133  9:41  Colossus  
  133  9:42  Forge  
  133  9:43  Forge  
  133  9:45  Probe x2 (Chrono Boost)  
  135  9:46  Pylon  
  135  9:50  Pylon  
  139  10:12  Stalker  
  139  10:13  Stalker x4  
  142  10:14  Probe (Chrono Boost)  
  142  10:16  Probe x2 (Chrono Boost)  
  142  10:19  Gateway  
  142  10:21  Gateway, Protoss Ground Weapons Level 1  
  140  10:22  Protoss Ground Armor Level 1  
  140  10:23  Gateway  
  140  10:25  Probe (Chrono Boost)  
  140  10:26  Gateway  
  140  10:28  Gateway, Probe x2 (Chrono Boost)  
  143  10:34  Gateway, Extended Thermal Lance  
  144  10:35  Probe (Chrono Boost)  
  144  10:36  Gateway  
  144  10:52  Archon  
  144  10:53  Colossus  
  147  11:40  Colossus  
  154  11:54  Probe (Chrono Boost)  
  120  12:23  Protoss Ground Weapons Level 2, Protoss Ground Armor Level 2  
  120  12:35  Stalker x2  
  120  12:36  Stalker x7  
  120  12:37  Stalker x3  
  150  12:49  Probe x2 (Chrono Boost)  
  152  12:56  Observer  
  146  13:18  Nexus  
  146  13:21  Pylon  
  146  13:24  Pylon  
  142  13:28  Assimilator  
  142  13:30  Assimilator  
  140  13:40  Zealot x7  
  140  13:41  Zealot x3  
  156  13:42  Zealot x2  
  132  14:33  Stalker x3  
  132  14:34  Stalker x5  
  132  14:35  Stalker  
  144  14:43  Probe (Chrono Boost)  
  144  14:44  Probe (Chrono Boost)  
  144  14:45  Probe (Chrono Boost)  
  146  14:47  Probe (Chrono Boost)  
  141  14:54  Probe (Chrono Boost)  
  141  14:56  Probe (Chrono Boost)  
  141  14:57  Probe (Chrono Boost)  
  141  14:58  Probe (Chrono Boost)  
Show
View Real Time Build Order
Export as new Build Order

Nickos Terran 

Build Orders:  

Get SALT Encoding   

  12  0:01  SCV  
  13  0:13  SCV  
  14  0:19  Supply Depot  
  14  0:25  SCV  
  15  0:40  SCV  
  15  0:42  Barracks  
  16  0:53  SCV  
  17  1:05  SCV  
  18  1:17  SCV  
  19  1:22  Command Center  
  19  1:30  Orbital Command  
  19  1:33  Marine  
  20  1:43  Supply Depot  
  19  2:02  Marine  
  20  2:13  Barracks  
  20  2:15  Barracks  
  20  2:27  SCV  
  21  2:30  Refinery  
  21  2:32  Refinery  
  21  2:34  Marine  
  22  2:39  SCV  
  23  2:45  Bunker  
  23  2:48  Orbital Command  
  23  2:51  SCV  
  24  3:00  Marine  
  24  3:04  SCV  
  26  3:06  Barracks Tech Lab  
  24  3:13  Marine  
  24  3:18  Marine  
  24  3:25  SCV x2  
  25  3:33  Marine x2  
  27  3:36  Marine  
  25  3:51  Marine  
  25  3:52  Marauder  
  27  4:05  SCV  
  27  4:06  SCV  
  29  4:11  Marine  
  29  4:13  Barracks Reactor  
  29  4:16  Marine  
  31  4:18  Factory  
  31  4:34  Marine x2  
  32  4:44  SCV x2  
  34  4:46  Engineering Bay x2  
  26  5:28  SCV x2  
  26  5:30  Terran Infantry Weapons Level 1  
  26  5:31  Terran Infantry Armor Level 1  
  26  5:32  Stimpack  
  26  5:33  Marine  
  28  5:40  SCV  
  29  5:46  Widow Mine  
  29  5:48  Marine  
  32  5:54  SCV  
  33  5:58  SCV  
  34  6:05  Marine  
  34  6:08  Barracks Reactor  
  34  6:09  Marine  
  34  6:10  Marine  
  37  6:14  SCV  
  37  6:17  SCV  
  39  6:28  Marine  
  39  6:29  Factory Reactor  
  40  6:35  SCV  
  40  6:36  SCV  
  40  6:37  Starport  
  40  6:39  Armory  
  42  6:48  SCV  
  42  6:50  Supply Depot  
  42  6:51  SCV  
  42  6:52  Supply Depot  
  44  6:54  Marine x2  
  46  7:12  SCV x2, Marauder, Marine x4  
  54  7:22  Bunker  
  53  7:24  SCV  
  54  7:38  Medivac  
  54  7:41  Marine  
  54  7:42  Marine x4  
  54  7:44  SCV  
  62  7:48  Supply Depot  
  62  7:52  Supply Depot  
  62  7:53  SCV  
  62  7:56  Widow Mine, SCV  
  66  8:01  Marine x3  
  66  8:03  Marine  
  70  8:09  Marine  
  70  8:10  SCV x2  
  73  8:19  Marine  
  74  8:22  Supply Depot  
  74  8:24  Supply Depot  
  74  8:25  Marine x2  
  74  8:26  Marine  
  77  8:30  Medivac  
  79  8:36  Command Center  
  79  8:40  SCV x2  
  81  8:48  Supply Depot x2  
  81  8:52  SCV  
  81  9:11  Marine x2  
  81  9:12  Marine x2  
  85  9:18  Widow Mine  
  85  9:20  Marine  
  88  9:31  Marine x4  
  91  9:56  Starport, Supply Depot  
  91  9:57  Command Center, Marine  
  91  9:58  Marine x3  
  90  10:17  Marine  
  91  10:32  Marine x4  
  95  10:36  Marine  
  95  10:40  Starport Reactor  
  95  10:41  Command Center  
  96  10:46  SCV x2  
  96  10:49  Marine  
  98  10:50  Marine  
  98  10:53  Marine x2  
  98  10:54  Marine  
  98  10:56  Liberator  
  103  10:58  SCV  
  99  11:13  Marine x3  
  100  11:28  Refinery  
  100  11:29  Refinery  
  100  11:30  SCV  
  100  11:31  SCV  
  102  11:33  Orbital Command  
  102  12:02  Liberator  
  101  12:18  Marine  
  101  12:19  Marine x4  
  85  12:32  Liberator  
  88  12:55  Marine x5  
  93  13:12  Marine  
  93  13:13  Marine x3  
  93  13:14  Liberator  
  97  13:30  Marine  
  101  13:36  Marine  
  101  13:37  Marine x3  
  101  13:40  Liberator  
  101  13:48  Marine  
  101  13:54  Marine x2  
  101  13:55  Marine x2  
  93  14:12  Marine  
  93  14:15  Marine x2  
  93  14:16  Marine x2  
  64  14:30  Marine  
  49  14:33  Marine x3  
  49  14:34  Marine  
Tags
 
Add a new tag
Caveats
  • Supply blocks, unpowered buildings, or Contaminate may cause inaccurate times.
  • Supply counts are checked every 10 seconds.